Rafales vs Influenza
(R1)
Created - December 12, 2020 at 20:51
Goals
|
Rafales |
1 |
0 |
2 |
0 |
1 |
4 |
Influenza |
1 |
1 |
1 |
0 |
0 |
3 |
|
Shots
|
Rafales |
13 |
4 |
18 |
0 |
5 |
35 |
Influenza |
6 |
11 |
5 |
0 |
5 |
22 |
|
1st period
1. Influenza , Max Domi 13 (Bo Horvat 16, Justin Bailey 8) at 6:59
2. Rafales , Brian Ferlin 9 (Connor Murphy 14, James Sheppard 8) at 14:54
Penalties :
Tim Erixon (VJB) for Interference (Minor) at 0:22, Tom Kuhnhackl (VJB) for Hooking (Minor) at 8:23, James Sheppard (Stf) for Hooking (Minor) at 12:29
2nd period
3. Influenza , Lucas Lessio 9 (Colton Sissons 7, Dmitry Sinitsyn 8) at 12:22
Penalties :
Pavel Zacha (VJB) for Hooking (Minor) at 1:22, Markus Nutivaara (VJB) for Holding (Minor) at 5:48, Roland McKeown (VJB) for Hooking (Minor) at 13:46, Connor Murphy (Stf) for Holding (Minor) at 18:13
3rd period
4. Influenza , JT Compher 9 (Iiro Pakarinen 14, Pavel Zacha 11) at 6:17
5. Rafales , Jayson Megna 5 (Garret Ross 10, Brian Ferlin 9) at 12:50
6. Rafales , Andrew Shaw 13 (Zac Dalpe 16, James Sheppard 9) at 19:59
Penalties :
Max Domi (VJB) for High sticking (Double Minor) at 1:42, Slater Koekkoek (Stf) for Interference (Minor) at 2:28, Max Domi (VJB) for Roughing (Minor) at 7:05
Overtime #1
No Goal
Penalties :
No Penalty
Shootout
Rafales, Andrew Shaw - Shot Misses the Net
Influenza, Bo Horvat - Stopped by Leland Irving
Rafales, Zac Dalpe - Shot Misses the Net
Influenza, Colton Sissons - Stopped by Leland Irving
Rafales, Brian Ferlin - Stopped by Malcolm Subban
Influenza, JT Compher - Stopped by Leland Irving
Rafales, James Sheppard - Stopped by Malcolm Subban
Influenza, Tom Kuhnhackl - Stopped by Leland Irving
Rafales, Garret Ross - Goal!
Influenza, Max Domi - Shot Misses the Net
Penalties :
No Penalty
Goalie Stats
Leland Irving (Stf), 19 saves from 22 shots - (0.864), W, 8-10-2, 64:24 minutes
Malcolm Subban (VJB), 32 saves from 35 shots - (0.914), OTL, 7-10-1, 65:00 minutes
Players Stats for Rafales
Player Name G A P +/- PIM S H SB GA TA FO MP PP MP PK MP
------------------------------------------------------------------------------------
Alexander Yelesin 0 0 0 -2 0 0 2 0 0 0 0/0 12:44 0:26 0:03
Andrew Shaw 1 0 1 0 0 10 0 1 1 1 4/8 25:42 7:58 2:43
Ben Johnson 0 0 0 1 0 0 1 0 0 0 0/0 1:55 0:00 0:27
Ben Thomson 0 0 0 -1 0 0 4 1 0 1 1/1 12:02 0:00 0:00
Blake Speers 0 0 0 0 0 0 0 0 0 0 0/0 0:00 0:00 0:00
Borna Rendulic 0 0 0 -1 0 1 4 0 0 0 0/0 7:02 0:04 0:00
Brad Ross 0 0 0 0 0 0 1 0 0 0 0/0 2:26 0:04 0:29
Brian Ferlin 1 1 2 1 0 3 2 0 2 0 0/1 20:00 5:52 0:54
Connor Murphy 0 1 1 1 2 2 0 1 0 1 0/0 30:55 8:36 1:09
David Broll 0 0 0 0 0 0 0 0 0 0 0/0 0:00 0:00 0:00
Gabriel Carlsson 0 0 0 0 0 0 4 2 0 1 0/0 27:16 5:18 2:46
Garret Ross 0 1 1 1 0 4 2 0 0 0 0/0 15:25 5:52 0:00
James Livingstone 0 0 0 -1 0 0 4 0 0 0 1/1 11:45 0:00 0:00
James Sheppard 0 2 2 1 2 3 2 0 1 0 0/1 21:28 7:58 0:29
Jayson Megna 1 0 1 1 0 2 3 2 0 0 3/7 15:25 5:52 0:00
Joe Labate 0 0 0 -1 0 2 0 0 0 0 2/5 11:45 0:00 0:00
Joey Laleggia 0 0 0 2 0 3 2 1 0 0 0/0 30:09 8:36 2:53
Pavel Kraskovsky 0 0 0 0 0 0 1 0 0 0 0/0 2:54 0:04 0:00
Ryan Bourque 0 0 0 -1 0 1 1 0 0 0 0/1 7:37 0:00 0:11
Slater Koekkoek 0 0 0 0 2 1 3 1 0 2 0/0 25:37 4:51 1:05
Tyrell Goulbourne 0 0 0 -1 0 0 0 0 0 0 0/0 6:39 0:00 0:00
Zac Dalpe 0 1 1 0 0 3 0 0 1 3 15/28 25:14 7:58 2:43
Players Stats for Influenza
Player Name G A P +/- PIM S H SB GA TA FO MP PP MP PK MP
------------------------------------------------------------------------------------
Anthony Bitetto 0 0 0 1 0 0 3 3 0 3 0/0 30:04 2:42 8:13
Bo Horvat 0 1 1 -1 0 5 3 0 0 0 11/23 24:19 2:20 4:22
Brock Boeser 0 0 0 1 0 0 0 0 0 0 0/1 7:57 0:12 0:00
Colton Sissons 0 1 1 1 0 3 2 1 1 0 7/12 17:45 0:12 7:24
Dmitry Sinitsyn 0 1 1 0 0 0 3 0 2 0 0/0 22:38 1:16 6:26
Iiro Pakarinen 0 1 1 0 0 1 2 0 2 0 0/0 18:54 1:38 2:33
Jeff Corbett 0 0 0 0 0 0 1 0 0 0 0/0 13:13 0:00 0:00
JT Compher 1 0 1 1 0 2 0 0 0 0 0/0 12:09 1:38 0:00
Justin Bailey 0 1 1 0 0 0 1 0 0 0 0/0 16:46 2:08 0:00
Lucas Lessio 1 0 1 1 0 2 0 0 1 1 0/0 12:47 0:00 4:19
Markus Nutivaara 0 0 0 -1 2 0 1 0 0 0 0/0 19:21 1:16 2:12
Max Domi 1 0 1 -1 6 3 1 0 1 0 1/2 18:35 2:07 0:00
Pavel Zacha 0 1 1 1 2 1 2 0 0 0 8/11 15:31 1:38 0:31
Roland McKeown 0 0 0 -1 2 1 0 1 0 1 0/0 16:35 0:00 4:09
Ryan Dzingel 0 0 0 -1 0 1 0 0 0 0 0/0 9:27 0:00 2:21
Shane Prince 0 0 0 -1 0 0 0 0 0 0 0/3 5:51 0:00 0:00
Tim Erixon 0 0 0 1 2 2 2 0 0 0 0/0 28:45 2:42 6:48
Tom Kuhnhackl 0 0 0 -1 2 1 1 0 2 0 0/1 13:22 0:00 6:18
3 Stars
1 - Brian Ferlin (Stf)
2 - Jayson Megna (Stf)
3 - James Sheppard (Stf)
Power Play
Rafales - 0 on 9 Attempt(s) - 0.00%
Influenza - 0 on 2 Attempt(s) - 0.00%
Penalty Kill
Rafales - 2 on 2 Attempt(s) - 100.00%
- Score 0 goal in Penalty Kill
Influenza - 9 on 9 Attempt(s) - 100.00%
- Score 0 goal in Penalty Kill
Team Stat
Rafales - Hits : 36 - Faceoff Wins : 26 - Blocked Shots : 9 - Penalty Minutes : 6
Influenza - Hits : 22 - Faceoff Wins : 27 - Blocked Shots : 5 - Penalty Minutes : 16
Official
Referees : Unknown
Linesman : Unknown
Game Notes
19:03 of 2nd period - Penalty Shot by Markus Nutivaara for Influenza - Stopped by Leland Irving
Finance
Level 1 -- Attendance: 1242 (62.10%) -- Ticket Income $49,680
Level 2 -- Attendance: 628 (62.80%) -- Ticket Income $12,560
Total Attendance: 1870 (62.33%)
Total Ticket Income: $62,240
Other Income: $3,112
Total Income: $65,352
Rafales
5 vs 5 Forward
Center Left Wing Right Wing Time % Phy DF OF
1 Zac Dalpe James Sheppard Andrew Shaw 40 1 2 2
2 Jayson Megna Garret Ross Brian Ferlin 30 1 2 2
3 Joe Labate Ben Thomson James Livingstone 20 1 2 2
4 Ryan Bourque Tyrell Goulbourne Borna Rendulic 10 1 2 2
5 vs 5 Defense
Defense Defense Time % Phy DF OF
1 Connor Murphy Joey Laleggia 40 1 2 2
2 Slater Koekkoek Gabriel Carlsson 30 1 2 2
3 Alexander Yelesin Connor Murphy 20 1 2 2
4 Joey Laleggia Slater Koekkoek 10 1 2 2
PowerPlay Forward
Center Left Wing Right Wing Time % Phy DF OF
1 Zac Dalpe James Sheppard Andrew Shaw 60 1 2 2
2 Jayson Megna Garret Ross Brian Ferlin 40 1 2 2
PowerPlay Defense
Defense Defense Time % Phy DF OF
1 Connor Murphy Joey Laleggia 60 1 2 2
2 Slater Koekkoek Gabriel Carlsson 40 1 2 2
Penalty Kill 4 Players Forward
Center Wing Time % Phy DF OF
1 Andrew Shaw Zac Dalpe 60 1 2 2
2 Brian Ferlin James Sheppard 40 1 2 2
Penalty Kill 4 Players Defense
Defense Defense Time % Phy DF OF
1 Connor Murphy Joey Laleggia 60 1 2 2
2 Slater Koekkoek Gabriel Carlsson 40 1 2 2
Penalty Kill - 3 Players Forward
Forward Time % Phy DF OF
1 Andrew Shaw 60 1 2 2
2 Zac Dalpe 40 1 2 2
Penalty Kill - 3 Players Defense
Defense Defense Time % Phy DF OF
1 Connor Murphy Joey Laleggia 60 1 2 2
2 Slater Koekkoek Gabriel Carlsson 40 1 2 2
4 vs 4 Forward
Center Wing Time % Phy DF OF
1 Andrew Shaw Zac Dalpe 60 1 2 2
2 Brian Ferlin James Sheppard 40 1 2 2
4 vs 4 Defense
Defense Defense Time % Phy DF OF
1 Connor Murphy Joey Laleggia 60 1 2 2
2 Slater Koekkoek Gabriel Carlsson 40 1 2 2
Last Minutes Offensive
Center Left Wing Right Wing Defense Defense
Zac Dalpe James Sheppard Andrew Shaw Connor Murphy Joey Laleggia
Last Minutes Defensive
Center Left Wing Right Wing Defense Defense
Zac Dalpe James Sheppard Andrew Shaw Connor Murphy Joey Laleggia
Goaltenders
Starting : Leland Irving
Backup : Sean Maguire
Extra Forwards
Normal : Pavel Kraskovsky, Brad Ross, Ben Johnson - PP : Pavel Kraskovsky, Brad Ross - PK : Ben Johnson
Extra Defensemen
Normal : Alexander Yelesin, Gabriel Carlsson, Connor Murphy - PP : Alexander Yelesin - PK : Gabriel Carlsson, Connor Murphy
Penalty Shots
Andrew Shaw, Zac Dalpe, Brian Ferlin, James Sheppard, Garret Ross
Scratches
Dylan McIlrath (Strained Right Knee Injury), Julian Melchiori (Sprained Right Knee Injury), Chris Driedger (Healthy)
Influenza
5 vs 5 Forward
Center Left Wing Right Wing Time % Phy DF OF
1 Bo Horvat Max Domi Justin Bailey 40 1 2 2
2 Pavel Zacha JT Compher Iiro Pakarinen 30 1 2 2
3 Colton Sissons Lucas Lessio Brock Boeser 20 1 2 2
4 Shane Prince Ryan Dzingel Tom Kuhnhackl 10 1 2 2
5 vs 5 Defense
Defense Defense Time % Phy DF OF
1 Tim Erixon Anthony Bitetto 40 1 2 2
2 Dmitry Sinitsyn Markus Nutivaara 30 1 2 2
3 Jeff Corbett Roland McKeown 20 1 2 2
4 Anthony Bitetto Tim Erixon 10 1 2 2
PowerPlay Forward
Center Left Wing Right Wing Time % Phy DF OF
1 Bo Horvat Max Domi Justin Bailey 60 1 2 2
2 Pavel Zacha JT Compher Iiro Pakarinen 40 1 2 2
PowerPlay Defense
Defense Defense Time % Phy DF OF
1 Tim Erixon Anthony Bitetto 60 1 2 2
2 Dmitry Sinitsyn Markus Nutivaara 40 1 2 2
Penalty Kill 4 Players Forward
Center Wing Time % Phy DF OF
1 Colton Sissons Tom Kuhnhackl 60 1 2 2
2 Bo Horvat Lucas Lessio 40 1 2 2
Penalty Kill 4 Players Defense
Defense Defense Time % Phy DF OF
1 Tim Erixon Anthony Bitetto 60 1 2 2
2 Roland McKeown Dmitry Sinitsyn 40 1 2 2
Penalty Kill - 3 Players Forward
Forward Time % Phy DF OF
1 Colton Sissons 60 1 2 2
2 Bo Horvat 40 1 2 2
Penalty Kill - 3 Players Defense
Defense Defense Time % Phy DF OF
1 Tim Erixon Anthony Bitetto 60 1 2 2
2 Roland McKeown Dmitry Sinitsyn 40 1 2 2
4 vs 4 Forward
Center Wing Time % Phy DF OF
1 Bo Horvat Max Domi 60 1 2 2
2 Colton Sissons Iiro Pakarinen 40 1 2 2
4 vs 4 Defense
Defense Defense Time % Phy DF OF
1 Tim Erixon Anthony Bitetto 60 1 2 2
2 Markus Nutivaara Dmitry Sinitsyn 40 1 2 2
Last Minutes Offensive
Center Left Wing Right Wing Defense Defense
Bo Horvat Max Domi Iiro Pakarinen Tim Erixon Anthony Bitetto
Last Minutes Defensive
Center Left Wing Right Wing Defense Defense
Bo Horvat Max Domi Iiro Pakarinen Tim Erixon Anthony Bitetto
Goaltenders
Starting : Malcolm Subban
Backup : Charlie Lindgren
Extra Forwards
Normal : Pavel Zacha, Iiro Pakarinen, Justin Bailey - PP : Iiro Pakarinen, Colton Sissons - PK : Iiro Pakarinen
Extra Defensemen
Normal : Markus Nutivaara, Dmitry Sinitsyn, Roland McKeown - PP : Markus Nutivaara - PK : Dmitry Sinitsyn, Roland McKeown
Penalty Shots
Bo Horvat, Colton Sissons, JT Compher, Tom Kuhnhackl, Max Domi
Scratches
Noah Hanifin (Healthy), Aleksi Saarela (Healthy), Henri Ikonen (Healthy), Johan Larsson (Healthy), Jakob Forsbacka-Karlsson (Healthy)
Blake Lizotte (Healthy), Radovan Bondra (Healthy), Simon Bourque (Healthy), Mitchell Moroz (Healthy), Jesse Graham (Healthy)
Jake Walman (Healthy), Conner Bleackley (Healthy), Brycen Martin (Healthy), Jaden Lindo (Healthy), Jamie Phillips (Healthy)
% Time on Ice - Rafales
Lines # - Real PCT - Wanted PCT - Time Play
Normal Forward
1 - 27% - 40% - 10:43
2 - 26% - 30% - 9:59
3 - 30% - 20% - 11:45
4 - 17% - 10% - 6:39
Normal Defense
1 - 33% - 40% - 12:54
2 - 39% - 30% - 15:10
3 - 20% - 20% - 7:45
4 - 8% - 10% - 3:17
PP Forward
1 - 58% - 60% - 8:02
2 - 42% - 40% - 5:52
PP Defense
1 - 62% - 60% - 8:36
2 - 38% - 40% - 5:18
PK Forward
1 - 77% - 60% - 3:04
2 - 23% - 40% - 0:54
PK Defense
1 - 79% - 60% - 3:08
2 - 21% - 40% - 0:50
PK3 Forward
1 - 0% - 60%
2 - 0% - 40%
PK3 Defense
1 - 0% - 60%
2 - 0% - 40%
44 Forward
1 - 81% - 60% - 5:40
2 - 19% - 40% - 1:19
44 Defense
1 - 54% - 60% - 3:48
2 - 46% - 40% - 3:11
Last Minute Offensive - 1:03
Last Minute Defensive - 0:00
Total
Forward - 65:00
Defense - 65:00
|
% Time on Ice - Influenza
Lines # - Real PCT - Wanted PCT - Time Play
Normal Forward
1 - 36% - 40% - 14:06
2 - 29% - 30% - 11:26
3 - 20% - 20% - 7:39
4 - 15% - 10% - 5:51
Normal Defense
1 - 37% - 40% - 14:32
2 - 34% - 30% - 13:23
3 - 27% - 20% - 10:36
4 - 1% - 10% - 0:31
PP Forward
1 - 59% - 60% - 2:20
2 - 41% - 40% - 1:38
PP Defense
1 - 68% - 60% - 2:42
2 - 32% - 40% - 1:16
PK Forward
1 - 69% - 60% - 9:35
2 - 31% - 40% - 4:19
PK Defense
1 - 59% - 60% - 8:13
2 - 41% - 40% - 5:41
PK3 Forward
1 - 0% - 60%
2 - 0% - 40%
PK3 Defense
1 - 0% - 60%
2 - 0% - 40%
44 Forward
1 - 85% - 60% - 5:56
2 - 15% - 40% - 1:03
44 Defense
1 - 58% - 60% - 4:04
2 - 42% - 40% - 2:55
Last Minute Offensive - 0:00
Last Minute Defensive - 1:07
Total
Forward - 65:00
Defense - 65:00
|
Play-by-Play
1st period
0:01 of 1st period - Zac Dalpe wins face-off versus Bo Horvat in neutral zone.
0:14 of 1st period - Snap shot by Andrew Shaw.
0:14 of 1st period - Stopped by Malcolm Subban with a rebound.
0:16 of 1st period - Wrist shot by James Sheppard.
0:16 of 1st period - Shot Blocked by Anthony Bitetto.
0:22 of 1st period - Minor Penalty to Tim Erixon for Interference.
0:23 of 1st period - Colton Sissons wins face-off versus Zac Dalpe in Influenza zone.
0:43 of 1st period - Snap shot by Lucas Lessio.
0:43 of 1st period - Shot Misses the Net.
0:55 of 1st period - Wrist shot by Andrew Shaw.
0:55 of 1st period - Stopped by Malcolm Subban with a rebound.
0:57 of 1st period - Slapshot by Joey Laleggia.
0:57 of 1st period - Shot Misses the Net.
1:37 of 1st period - Snap shot by Andrew Shaw.
1:37 of 1st period - Shot Misses the Net.
1:39 of 1st period - Snap shot by James Sheppard.
1:39 of 1st period - Shot Misses the Net.
1:41 of 1st period - Wrist shot by Connor Murphy.
1:41 of 1st period - Deflect By Zac Dalpe.
1:41 of 1st period - Shot Misses the Net.
1:41 of 1st period - Puck is out of play.
1:42 of 1st period - Jayson Megna wins face-off versus Colton Sissons in Influenza zone.
2:22 of 1st period - Penalty to Tim Erixon is over, Tim Erixon is back on ice.
2:52 of 1st period - Icing by Connor Murphy.
2:53 of 1st period - Bo Horvat wins face-off versus Ryan Bourque in Rafales zone.
3:00 of 1st period - Markus Nutivaara is hit by Borna Rendulic and loses puck.
3:15 of 1st period - JT Compher is hit by Ben Thomson.
3:25 of 1st period - Slapshot by Pavel Zacha.
3:25 of 1st period - Shot Misses the Net.
3:42 of 1st period - Slapshot by Colton Sissons.
3:42 of 1st period - Stopped by Leland Irving without a rebound.
3:43 of 1st period - Jayson Megna wins face-off versus Shane Prince in Rafales zone.
3:48 of 1st period - Slapshot by Connor Murphy.
3:48 of 1st period - Shot Misses the Net.
3:50 of 1st period - Slapshot by Joey Laleggia.
3:50 of 1st period - Stopped by Malcolm Subban without a rebound.
3:51 of 1st period - Jayson Megna wins face-off versus Shane Prince in Influenza zone.
4:23 of 1st period - Gabriel Carlsson is hit by Bo Horvat and loses puck.
4:38 of 1st period - Tim Erixon is hit by James Livingstone and loses puck.
5:03 of 1st period - Wrist shot by Colton Sissons.
5:03 of 1st period - Shot Misses the Net.
5:05 of 1st period - Slapshot by Tim Erixon.
5:05 of 1st period - Stopped by Leland Irving without a rebound.
5:06 of 1st period - Zac Dalpe wins face-off versus Bo Horvat in Rafales zone.
5:06 of 1st period - Zac Dalpe is hit by Justin Bailey.
5:39 of 1st period - Wrist shot by Bo Horvat.
5:39 of 1st period - Deflect By Max Domi.
5:39 of 1st period - Stopped by Leland Irving without a rebound.
5:40 of 1st period - Pavel Zacha wins face-off versus Jayson Megna in Rafales zone.
6:21 of 1st period - Icing by Colton Sissons.
6:22 of 1st period - Joe Labate wins face-off versus Colton Sissons in Influenza zone.
6:29 of 1st period - Snap shot by Zac Dalpe.
6:29 of 1st period - Stopped by Malcolm Subban without a rebound.
6:30 of 1st period - Zac Dalpe wins face-off versus Bo Horvat in Influenza zone.
6:33 of 1st period - Slapshot by Andrew Shaw.
6:33 of 1st period - Stopped by Malcolm Subban without a rebound.
6:34 of 1st period - Max Domi wins face-off versus Zac Dalpe in Influenza zone.
6:42 of 1st period - Off-side.
6:43 of 1st period - Zac Dalpe wins face-off versus Bo Horvat in neutral zone.
6:46 of 1st period - Tim Erixon is hit by James Sheppard and loses puck.
6:59 of 1st period - Snap shot by Max Domi.
6:59 of 1st period - Goal by Max Domi - Rafales : 0 - Influenza : 1.
7:00 of 1st period - Pavel Zacha wins face-off versus Jayson Megna in neutral zone.
7:03 of 1st period - Wrist shot by Iiro Pakarinen.
7:03 of 1st period - Shot Misses the Net.
7:17 of 1st period - Connor Murphy is hit by Iiro Pakarinen and loses puck.
7:30 of 1st period - Slapshot by Joe Labate.
7:30 of 1st period - Stopped by Malcolm Subban without a rebound.
7:31 of 1st period - Bo Horvat wins face-off versus Joe Labate in Influenza zone.
7:31 of 1st period - Bo Horvat is hit by Ben Thomson.
8:23 of 1st period - Minor Penalty to Tom Kuhnhackl for Hooking.
8:24 of 1st period - Zac Dalpe wins face-off versus Colton Sissons in Influenza zone.
8:28 of 1st period - Snap shot by James Sheppard.
8:28 of 1st period - Shot Misses the Net.
8:30 of 1st period - Slapshot by Connor Murphy.
8:30 of 1st period - Shot Misses the Net.
8:32 of 1st period - Wrist shot by Andrew Shaw.
8:32 of 1st period - Deflect By Anthony Bitetto.
8:32 of 1st period - Stopped by Malcolm Subban with a rebound.
8:34 of 1st period - Slapshot by Connor Murphy.
8:34 of 1st period - Shot Misses the Net.
8:36 of 1st period - Slapshot by James Sheppard.
8:36 of 1st period - Deflect By Andrew Shaw.
8:36 of 1st period - Stopped by Malcolm Subban with a rebound.
8:38 of 1st period - Wrist shot by Andrew Shaw.
8:38 of 1st period - Shot Blocked by Anthony Bitetto.
8:40 of 1st period - Snap shot by James Sheppard.
8:40 of 1st period - Stopped by Malcolm Subban without a rebound.
8:41 of 1st period - Colton Sissons wins face-off versus Jayson Megna in Influenza zone.
8:56 of 1st period - Snap shot by Brian Ferlin.
8:56 of 1st period - Shot Blocked by Colton Sissons.
9:08 of 1st period - Joey Laleggia is hit by Tim Erixon and loses puck.
10:23 of 1st period - Penalty to Tom Kuhnhackl is over, Tom Kuhnhackl is back on ice.
10:52 of 1st period - Tim Erixon is hit by Borna Rendulic and loses puck.
11:31 of 1st period - Garret Ross is hit by Jeff Corbett and loses puck.
11:48 of 1st period - Borna Rendulic is hit by Pavel Zacha and loses puck.
12:21 of 1st period - Snap shot by Tom Kuhnhackl.
12:21 of 1st period - Shot Blocked by Joey Laleggia.
12:29 of 1st period - Minor Penalty to James Sheppard for Hooking.
12:30 of 1st period - Zac Dalpe wins face-off versus Bo Horvat in Rafales zone.
13:56 of 1st period - Slapshot by Slater Koekkoek.
13:56 of 1st period - Shot Blocked by Anthony Bitetto.
14:29 of 1st period - Penalty to James Sheppard is over, James Sheppard is back on ice.
14:37 of 1st period - Tom Kuhnhackl is hit by Ben Johnson and loses puck.
14:46 of 1st period - Snap shot by Brian Ferlin.
14:46 of 1st period - Stopped by Malcolm Subban with a rebound.
14:48 of 1st period - Wrist shot by James Sheppard.
14:48 of 1st period - Shot Misses the Net.
14:54 of 1st period - Snap shot by Brian Ferlin.
14:54 of 1st period - Goal by Brian Ferlin - Rafales : 1 - Influenza : 1.
14:55 of 1st period - Pavel Zacha wins face-off versus Joe Labate in neutral zone.
15:30 of 1st period - Anthony Bitetto is hit by Alexander Yelesin and loses puck.
15:47 of 1st period - Snap shot by Colton Sissons.
15:47 of 1st period - Stopped by Leland Irving with a rebound.
15:49 of 1st period - Slapshot by Colton Sissons.
15:49 of 1st period - Stopped by Leland Irving without a rebound.
15:50 of 1st period - Zac Dalpe wins face-off versus Pavel Zacha in Rafales zone.
17:02 of 1st period - Borna Rendulic is hit by Colton Sissons and loses puck.
17:31 of 1st period - Snap shot by Zac Dalpe.
17:31 of 1st period - Deflect By Garret Ross.
17:31 of 1st period - Stopped by Malcolm Subban with a rebound.
17:48 of 1st period - Snap shot by Slater Koekkoek.
17:48 of 1st period - Stopped by Malcolm Subban without a rebound.
17:49 of 1st period - Bo Horvat wins face-off versus Zac Dalpe in Influenza zone.
19:35 of 1st period - James Livingstone is hit by Colton Sissons and loses puck.
19:40 of 1st period - Slapshot by Lucas Lessio.
19:40 of 1st period - Shot Blocked by Gabriel Carlsson.
Goals for this period are 1 for Rafales vs 1 for Influenza.
Shots for this period are 13 for Rafales vs 6 for Influenza.
2nd period
0:01 of 2nd period - Bo Horvat wins face-off versus Zac Dalpe in neutral zone.
0:12 of 2nd period - Snap shot by Max Domi.
0:12 of 2nd period - Shot Misses the Net.
0:14 of 2nd period - Snap shot by Bo Horvat.
0:14 of 2nd period - Stopped by Leland Irving with a rebound.
0:16 of 2nd period - Snap shot by Max Domi.
0:16 of 2nd period - Shot Misses the Net.
0:26 of 2nd period - JT Compher is hit by Jayson Megna and loses puck.
0:35 of 2nd period - Snap shot by Iiro Pakarinen.
0:35 of 2nd period - Shot Misses the Net.
0:53 of 2nd period - Slapshot by Brock Boeser.
0:53 of 2nd period - Shot Misses the Net.
0:57 of 2nd period - Slapshot by Lucas Lessio.
0:57 of 2nd period - Stopped by Leland Irving with a rebound.
1:19 of 2nd period - Wrist shot by Joe Labate.
1:19 of 2nd period - Stopped by Malcolm Subban without a rebound.
1:20 of 2nd period - Pavel Zacha wins face-off versus Zac Dalpe in Influenza zone.
1:22 of 2nd period - Minor Penalty to Pavel Zacha for Hooking.
1:23 of 2nd period - Colton Sissons wins face-off versus Zac Dalpe in Influenza zone.
1:30 of 2nd period - Off-side.
1:31 of 2nd period - Zac Dalpe wins face-off versus Tom Kuhnhackl in neutral zone.
1:38 of 2nd period - Wrist shot by Andrew Shaw.
1:38 of 2nd period - Stopped by Malcolm Subban without a rebound.
1:39 of 2nd period - Colton Sissons wins face-off versus Zac Dalpe in Influenza zone.
2:10 of 2nd period - Tom Kuhnhackl is hit by Jayson Megna and loses puck.
2:15 of 2nd period - Snap shot by Brian Ferlin.
2:15 of 2nd period - Shot Misses the Net.
2:29 of 2nd period - Slater Koekkoek is hit by Anthony Bitetto and loses puck.
3:22 of 2nd period - Penalty to Pavel Zacha is over, Pavel Zacha is back on ice.
3:57 of 2nd period - Wrist shot by Bo Horvat.
3:57 of 2nd period - Shot Blocked by Ben Thomson.
4:22 of 2nd period - Anthony Bitetto is hit by Slater Koekkoek and loses puck.
5:48 of 2nd period - Minor Penalty to Markus Nutivaara for Holding.
5:49 of 2nd period - Zac Dalpe wins face-off versus Colton Sissons in Influenza zone.
5:50 of 2nd period - Slapshot by Andrew Shaw.
5:50 of 2nd period - Shot Misses the Net.
5:52 of 2nd period - Wrist shot by Zac Dalpe.
5:52 of 2nd period - Stopped by Malcolm Subban without a rebound.
5:53 of 2nd period - Zac Dalpe wins face-off versus Colton Sissons in Influenza zone.
6:02 of 2nd period - Wrist shot by James Sheppard.
6:02 of 2nd period - Shot Misses the Net.
6:04 of 2nd period - Slapshot by Joey Laleggia.
6:04 of 2nd period - Stopped by Malcolm Subban with a rebound.
7:48 of 2nd period - Penalty to Markus Nutivaara is over, Markus Nutivaara is back on ice.
7:58 of 2nd period - Roland McKeown is hit by James Livingstone and loses puck.
8:27 of 2nd period - Snap shot by JT Compher.
8:27 of 2nd period - Stopped by Leland Irving with a rebound.
8:58 of 2nd period - James Sheppard is hit by Dmitry Sinitsyn.
10:22 of 2nd period - James Sheppard is hit by Dmitry Sinitsyn and loses puck.
10:33 of 2nd period - Justin Bailey is hit by Borna Rendulic and loses puck.
11:10 of 2nd period - Joey Laleggia is hit by Markus Nutivaara.
11:40 of 2nd period - Bo Horvat is hit by Borna Rendulic and loses puck.
11:49 of 2nd period - Max Domi is hit by Gabriel Carlsson and loses puck.
12:02 of 2nd period - Pavel Zacha is hit by Slater Koekkoek and loses puck.
12:20 of 2nd period - Snap shot by Colton Sissons.
12:20 of 2nd period - Shot Misses the Net.
12:22 of 2nd period - Slapshot by Lucas Lessio.
12:22 of 2nd period - Goal by Lucas Lessio - Rafales : 1 - Influenza : 2.
12:23 of 2nd period - Bo Horvat wins face-off versus Zac Dalpe in neutral zone.
12:49 of 2nd period - Snap shot by JT Compher.
12:49 of 2nd period - Shot Blocked by Jayson Megna.
13:09 of 2nd period - Joe Labate is hit by Dmitry Sinitsyn and loses puck.
13:46 of 2nd period - Minor Penalty to Roland McKeown for Hooking.
13:47 of 2nd period - Colton Sissons wins face-off versus Zac Dalpe in Influenza zone.
14:12 of 2nd period - Anthony Bitetto is hit by Garret Ross and loses puck.
15:42 of 2nd period - Anthony Bitetto is hit by James Sheppard and loses puck.
15:46 of 2nd period - Penalty to Roland McKeown is over, Roland McKeown is back on ice.
15:57 of 2nd period - Off-side.
15:58 of 2nd period - James Livingstone wins face-off versus Bo Horvat in neutral zone.
16:07 of 2nd period - Wrist shot by Joe Labate.
16:07 of 2nd period - Shot Misses the Net.
16:09 of 2nd period - Wrist shot by Joe Labate.
16:09 of 2nd period - Shot Blocked by Roland McKeown.
16:37 of 2nd period - Snap shot by Max Domi.
16:37 of 2nd period - Deflect By Bo Horvat.
16:37 of 2nd period - Stopped by Leland Irving with a rebound.
16:39 of 2nd period - Slapshot by Roland McKeown.
16:39 of 2nd period - Stopped by Leland Irving with a rebound.
16:57 of 2nd period - Snap shot by Bo Horvat.
16:57 of 2nd period - Stopped by Leland Irving with a rebound.
16:59 of 2nd period - Slapshot by Roland McKeown.
16:59 of 2nd period - Shot Misses the Net.
17:01 of 2nd period - Snap shot by Max Domi.
17:01 of 2nd period - Shot Blocked by Gabriel Carlsson.
17:03 of 2nd period - Slapshot by Bo Horvat.
17:03 of 2nd period - Shot Blocked by Jayson Megna.
17:19 of 2nd period - Wrist shot by Max Domi.
17:19 of 2nd period - Shot Blocked by Slater Koekkoek.
17:21 of 2nd period - Slapshot by Jeff Corbett.
17:21 of 2nd period - Deflect By Bo Horvat.
17:21 of 2nd period - Stopped by Leland Irving without a rebound.
17:22 of 2nd period - Pavel Zacha wins face-off versus Zac Dalpe in Rafales zone.
17:23 of 2nd period - Wrist shot by Iiro Pakarinen.
17:23 of 2nd period - Shot Misses the Net.
17:25 of 2nd period - Wrist shot by Iiro Pakarinen.
17:25 of 2nd period - Stopped by Leland Irving with a rebound.
17:33 of 2nd period - Wrist shot by Iiro Pakarinen.
17:33 of 2nd period - Shot Misses the Net.
17:44 of 2nd period - Icing by Andrew Shaw.
17:45 of 2nd period - Andrew Shaw wins face-off versus Brock Boeser in Rafales zone.
18:13 of 2nd period - Minor Penalty to Connor Murphy for Holding.
18:14 of 2nd period - Zac Dalpe wins face-off versus Pavel Zacha in Rafales zone.
18:27 of 2nd period - Slapshot by Tim Erixon.
18:27 of 2nd period - Shot Blocked by Andrew Shaw.
18:29 of 2nd period - Slapshot by Tim Erixon.
18:29 of 2nd period - Deflect By Joey Laleggia.
18:29 of 2nd period - Stopped by Leland Irving with a rebound.
19:03 of 2nd period - Penalty Shot by Markus Nutivaara for Influenza.
19:03 of 2nd period - Snap shot by Markus Nutivaara.
19:03 of 2nd period - Stopped by Leland Irving.
19:04 of 2nd period - Pavel Zacha wins face-off versus Andrew Shaw in Influenza zone.
19:16 of 2nd period - Off-side.
19:17 of 2nd period - Bo Horvat wins face-off versus Brian Ferlin in neutral zone.
19:24 of 2nd period - Wrist shot by Bo Horvat.
19:24 of 2nd period - Stopped by Leland Irving without a rebound.
19:25 of 2nd period - Bo Horvat wins face-off versus Andrew Shaw in Rafales zone.
19:38 of 2nd period - Slapshot by Max Domi.
19:38 of 2nd period - Shot Misses the Net.
Goals for this period are 0 for Rafales vs 1 for Influenza.
Shots for this period are 4 for Rafales vs 11 for Influenza.
3rd period
0:01 of 3rd period - Andrew Shaw wins face-off versus Bo Horvat in neutral zone.
0:13 of 3rd period - Penalty to Connor Murphy is over, Connor Murphy is back on ice.
0:26 of 3rd period - Tim Erixon is hit by Jayson Megna and loses puck.
0:47 of 3rd period - Brock Boeser is hit by James Livingstone and loses puck.
1:14 of 3rd period - Wrist shot by Tom Kuhnhackl.
1:14 of 3rd period - Stopped by Leland Irving without a rebound.
1:15 of 3rd period - Zac Dalpe wins face-off versus Bo Horvat in Rafales zone.
1:22 of 3rd period - Snap shot by Andrew Shaw.
1:22 of 3rd period - Stopped by Malcolm Subban with a rebound.
1:24 of 3rd period - Snap shot by Andrew Shaw.
1:24 of 3rd period - Stopped by Malcolm Subban without a rebound.
1:25 of 3rd period - Bo Horvat wins face-off versus Zac Dalpe in Influenza zone.
1:30 of 3rd period - Zac Dalpe is hit by Anthony Bitetto and loses puck.
1:42 of 3rd period - Double Minor Penalty to Max Domi for High sticking.
1:43 of 3rd period - Colton Sissons wins face-off versus Zac Dalpe in Influenza zone.
2:09 of 3rd period - Connor Murphy is hit by Bo Horvat and loses puck.
2:28 of 3rd period - Minor Penalty to Slater Koekkoek for Interference.
2:29 of 3rd period - Andrew Shaw wins face-off versus Bo Horvat in Rafales zone.
3:43 of 3rd period - Ryan Dzingel is hit by Gabriel Carlsson and loses puck.
3:52 of 3rd period - Slapshot by Connor Murphy.
3:52 of 3rd period - Stopped by Malcolm Subban without a rebound.
3:53 of 3rd period - Pavel Zacha wins face-off versus Andrew Shaw in Influenza zone.
4:22 of 3rd period - Wrist shot by James Sheppard.
4:22 of 3rd period - Stopped by Malcolm Subban without a rebound.
4:23 of 3rd period - Bo Horvat wins face-off versus Andrew Shaw in Influenza zone.
4:28 of 3rd period - Penalty to Slater Koekkoek is over, Slater Koekkoek is back on ice.
4:36 of 3rd period - Wrist shot by Tom Kuhnhackl.
4:36 of 3rd period - Shot Hit the Post.
5:42 of 3rd period - Penalty to Max Domi is over, Max Domi is back on ice.
5:52 of 3rd period - Anthony Bitetto is hit by Ben Thomson and loses puck.
6:13 of 3rd period - Snap shot by Pavel Zacha.
6:13 of 3rd period - Stopped by Leland Irving with a rebound.
6:15 of 3rd period - Slapshot by Iiro Pakarinen.
6:15 of 3rd period - Shot Misses the Net.
6:17 of 3rd period - Wrist shot by JT Compher.
6:17 of 3rd period - Goal by JT Compher - Rafales : 1 - Influenza : 3.
6:18 of 3rd period - Zac Dalpe wins face-off versus Pavel Zacha in neutral zone.
7:05 of 3rd period - Minor Penalty to Max Domi for Roughing.
7:06 of 3rd period - Colton Sissons wins face-off versus Zac Dalpe in Influenza zone.
7:32 of 3rd period - Tim Erixon is hit by Joey Laleggia and loses puck.
9:05 of 3rd period - Penalty to Max Domi is over, Max Domi is back on ice.
9:19 of 3rd period - Max Domi is hit by Brad Ross and loses puck.
9:50 of 3rd period - Ryan Bourque is hit by Bo Horvat and loses puck.
10:05 of 3rd period - Ryan Bourque is hit by Pavel Zacha and loses puck.
11:29 of 3rd period - Jeff Corbett is hit by Brian Ferlin and loses puck.
11:34 of 3rd period - Snap shot by Brian Ferlin.
11:34 of 3rd period - Stopped by Malcolm Subban with a rebound.
11:52 of 3rd period - Snap shot by Ryan Dzingel.
11:52 of 3rd period - Stopped by Leland Irving without a rebound.
11:53 of 3rd period - Joe Labate wins face-off versus Shane Prince in Rafales zone.
12:02 of 3rd period - Tim Erixon is hit by Ben Thomson.
12:26 of 3rd period - Snap shot by Colton Sissons.
12:26 of 3rd period - Shot Misses the Net.
12:28 of 3rd period - Snap shot by Dmitry Sinitsyn.
12:28 of 3rd period - Shot Blocked by Connor Murphy.
12:48 of 3rd period - Wrist shot by Garret Ross.
12:48 of 3rd period - Stopped by Malcolm Subban with a rebound.
12:50 of 3rd period - Snap shot by Jayson Megna.
12:50 of 3rd period - Goal by Jayson Megna - Rafales : 2 - Influenza : 3.
12:51 of 3rd period - Bo Horvat wins face-off versus James Sheppard in neutral zone.
13:23 of 3rd period - Off-side.
13:24 of 3rd period - Pavel Zacha wins face-off versus Jayson Megna in neutral zone.
13:35 of 3rd period - Pavel Zacha is hit by Joey Laleggia and loses puck.
13:50 of 3rd period - Pavel Zacha is hit by Alexander Yelesin and loses puck.
15:10 of 3rd period - Snap shot by Iiro Pakarinen.
15:10 of 3rd period - Shot Misses the Net.
15:12 of 3rd period - Snap shot by Tim Erixon.
15:12 of 3rd period - Shot Misses the Net.
15:34 of 3rd period - Wrist shot by Ryan Bourque.
15:34 of 3rd period - Deflect By Markus Nutivaara.
15:34 of 3rd period - Stopped by Malcolm Subban without a rebound.
15:35 of 3rd period - Ben Thomson wins face-off versus Max Domi in Influenza zone.
16:20 of 3rd period - Wrist shot by Garret Ross.
16:20 of 3rd period - Stopped by Malcolm Subban with a rebound.
16:22 of 3rd period - Snap shot by Joey Laleggia.
16:22 of 3rd period - Shot Misses the Net.
16:24 of 3rd period - Wrist shot by Jayson Megna.
16:24 of 3rd period - Shot Misses the Net.
16:26 of 3rd period - Snap shot by Jayson Megna.
16:26 of 3rd period - Stopped by Malcolm Subban with a rebound.
16:28 of 3rd period - Wrist shot by Garret Ross.
16:28 of 3rd period - Shot Misses the Net.
16:30 of 3rd period - Slapshot by Garret Ross.
16:30 of 3rd period - Stopped by Malcolm Subban with a rebound.
16:44 of 3rd period - Justin Bailey is hit by Ryan Bourque and loses puck.
17:03 of 3rd period - Snap shot by Joe Labate.
17:03 of 3rd period - Shot Misses the Net.
17:57 of 3rd period - Colton Sissons is hit by Garret Ross and loses puck.
18:12 of 3rd period - Zac Dalpe is hit by Tom Kuhnhackl and loses puck.
18:25 of 3rd period - Ryan Dzingel is hit by Gabriel Carlsson and loses puck.
18:32 of 3rd period - Wrist shot by Borna Rendulic.
18:32 of 3rd period - Stopped by Malcolm Subban without a rebound.
18:33 of 3rd period - Bo Horvat wins face-off versus Joe Labate in Influenza zone.
18:40 of 3rd period - Markus Nutivaara is hit by James Livingstone and loses puck.
19:01 of 3rd period - Slater Koekkoek is hit by Iiro Pakarinen and loses puck.
19:08 of 3rd period - Andrew Shaw is hit by Max Domi and loses puck.
19:15 of 3rd period - Wrist shot by Max Domi.
19:15 of 3rd period - Stopped by Leland Irving without a rebound.
19:16 of 3rd period - Rick Tocchet call a timeout for Rafales.
19:16 of 3rd period - Zac Dalpe wins face-off versus Bo Horvat in Rafales zone.
19:23 of 3rd period - Rafales, Leland Irving is pulled from the net.
19:41 of 3rd period - Snap shot by Zac Dalpe.
19:41 of 3rd period - Stopped by Malcolm Subban without a rebound.
19:42 of 3rd period - Zac Dalpe wins face-off versus Bo Horvat in Influenza zone.
19:45 of 3rd period - Slapshot by Andrew Shaw.
19:45 of 3rd period - Stopped by Malcolm Subban with a rebound.
19:47 of 3rd period - Wrist shot by Connor Murphy.
19:47 of 3rd period - Stopped by Malcolm Subban with a rebound.
19:49 of 3rd period - Snap shot by Joey Laleggia.
19:49 of 3rd period - Shot Misses the Net.
19:51 of 3rd period - Snap shot by Joey Laleggia.
19:51 of 3rd period - Stopped by Malcolm Subban with a rebound.
19:53 of 3rd period - Snap shot by James Sheppard.
19:53 of 3rd period - Shot Misses the Net.
19:55 of 3rd period - Wrist shot by James Sheppard.
19:55 of 3rd period - Stopped by Malcolm Subban with a rebound.
19:59 of 3rd period - Wrist shot by Andrew Shaw.
19:59 of 3rd period - Goal by Andrew Shaw - Rafales : 3 - Influenza : 3.
19:59 of 3rd period - Leland Irving from Rafales was sent back in the game.
Goals for this period are 2 for Rafales vs 1 for Influenza.
Shots for this period are 18 for Rafales vs 5 for Influenza.
Overtime #1
0:01 of 1st overtime period - Andrew Shaw wins face-off versus Bo Horvat in neutral zone.
0:28 of 1st overtime period - Connor Murphy is hit by Tim Erixon and loses puck.
0:47 of 1st overtime period - Colton Sissons is hit by Slater Koekkoek and loses puck.
1:52 of 1st overtime period - Slapshot by Iiro Pakarinen.
1:52 of 1st overtime period - Shot Misses the Net.
2:16 of 1st overtime period - Justin Bailey is hit by Gabriel Carlsson and loses puck.
3:14 of 1st overtime period - Connor Murphy is hit by Anthony Bitetto and loses puck.
3:41 of 1st overtime period - Tim Erixon is hit by Brian Ferlin and loses puck.
4:43 of 1st overtime period - Roland McKeown is hit by Pavel Kraskovsky and loses puck.
Goals for this period are 0 for Rafales vs 0 for Influenza.
Shots for this period are 0 for Rafales vs 0 for Influenza.
ShootOut
5:00 of 1st overtime period - Round #1.
5:00 of 1st overtime period - Rafales, Andrew Shaw.
5:00 of 1st overtime period - Wrist shot by Andrew Shaw.
5:00 of 1st overtime period - Shot Misses the Net.
5:00 of 1st overtime period - Influenza, Bo Horvat.
5:00 of 1st overtime period - Deke by Bo Horvat.
5:00 of 1st overtime period - Stopped by Leland Irving.
5:00 of 1st overtime period - Round #2.
5:00 of 1st overtime period - Rafales, Zac Dalpe.
5:00 of 1st overtime period - Deke by Zac Dalpe.
5:00 of 1st overtime period - Shot Misses the Net.
5:00 of 1st overtime period - Influenza, Colton Sissons.
5:00 of 1st overtime period - Deke by Colton Sissons.
5:00 of 1st overtime period - Stopped by Leland Irving.
5:00 of 1st overtime period - Round #3.
5:00 of 1st overtime period - Rafales, Brian Ferlin.
5:00 of 1st overtime period - Deke by Brian Ferlin.
5:00 of 1st overtime period - Stopped by Malcolm Subban.
5:00 of 1st overtime period - Influenza, JT Compher.
5:00 of 1st overtime period - Wrist shot by JT Compher.
5:00 of 1st overtime period - Stopped by Leland Irving.
5:00 of 1st overtime period - Round #4.
5:00 of 1st overtime period - Rafales, James Sheppard.
5:00 of 1st overtime period - Snap shot by James Sheppard.
5:00 of 1st overtime period - Stopped by Malcolm Subban.
5:00 of 1st overtime period - Influenza, Tom Kuhnhackl.
5:00 of 1st overtime period - Wrist shot by Tom Kuhnhackl.
5:00 of 1st overtime period - Stopped by Leland Irving.
5:00 of 1st overtime period - Round #5.
5:00 of 1st overtime period - Rafales, Garret Ross.
5:00 of 1st overtime period - Deke by Garret Ross.
5:00 of 1st overtime period - Goal by Garret Ross.
5:00 of 1st overtime period - Influenza, Max Domi.
5:00 of 1st overtime period - Backhand shot by Max Domi.
5:00 of 1st overtime period - Shot Misses the Net.